[Event "*** Titled Tuesday Blitz"]
[Site "Chess.com"]
[Date "2018.11.06"]
[Round "3"]
[White "Chessialist"]
[Black "poummba"]
[Result "1-0"]
[WhiteElo "2631"]
[BlackElo "2400"]
[TimeControl "180+2"]
[EndTime "13:39:59 PST"]
[Termination "Chessialist won by resignation"]

1. c4 g6 2. Nc3 Bg7 3. g3 d6 4. Bg2 e5 5. e3 Nc6 6. Nge2 h5 7. h4 Nf6 8. a3 a5 9. O-O Bg4 10. d3 Qd7 11. Rb1 Bh3 12. b4 axb4 13. axb4 Bxg2 14. Kxg2 O-O 15. b5 Ne7 16. e4 c6 17. bxc6 bxc6 18.
Bg5 d5 19. cxd5 cxd5 20. Bxf6 Bxf6 21. Rb5 d4 22. Rd5 Qe6 23. Rc5 dxc3 24. Nxc3 Rfc8 25. Rxc8+ Rxc8 26. Ne2 Nc6 27. f4 Qg4 28. f5 Nd4 29. Nxd4 Qxd1 30. Rxd1 exd4 31. fxg6 Rc2+ 32. Kf3 fxg6 33.
g4 Bxh4 34. gxh5 gxh5 35. e5 Kf7 36. Rh1 Bf2 37. Rxh5 Ke6 38. Ke4 Be3 39. Rf5 Rf2 40. Rf8 Rh2 41. Re8+ Kd7 42. Rg8 Rh6 43. Kd5 Ra6 44.
Rg7+ Ke8 45. Rb7 Rh6 46. Ra7 Rb6 47. Rh7 Ra6 48. Rb7 Rg6 49. Rh7 Ra6 50. Rb7 Rf6 51.
exf6 Kf8 52. Ke6 1-0

[Event "*** Titled Tuesday Blitz"]
[Site "Chess.com"]
[Date "2018.11.06"]
[Round "3"]
[White "MikaelyanArman"]
[Black "Paralinch"]
[Result "1-0"]
[WhiteElo "2743"]
[BlackElo "2830"]
[TimeControl "180+2"]
[EndTime "13:40:00 PST"]
[Termination "MikaelyanArman won by resignation"]

1. e4 c5 2. Nf3 e6 3. Nc3 Nf6 4. d4 cxd4 5. Nxd4 Nc6 6. Nxc6 bxc6 7. e5 Nd5 8. Ne4 Bb7 9. c4 Nb4 10. a3 Qa5 11. Bd2 Qxe5 12. f3 Na6 13. Bc3 Qc7 14. Be2 d5 15. cxd5 exd5 16. Nf2 Nc5 17. O-O Ne6 18. f4 d4 19. f5 O-O-O 20. fxe6 dxc3 21. Qb3 fxe6 22. Qxe6+ Kb8 23. bxc3 Bc5 24. Rab1 Rhf8 25. Ba6 Bb6 26. Bxb7 Kxb7 27. Kh1 Qf7 28. Qe2 Rfe8 29. Ne4 Qg6 30. Nc5+ Kc7 31. Qa6 Rb8 32. Na4 Rb7 33. Nxb6 axb6 34. Qc4 Re7 35. Rbd1 Qe6 36. Qf4+ Qe5 37.
Qf8 Rb8 38. Qf3 Rbe8 39. h3 h5 40. a4 h4 41. a5 bxa5 42. Qf2 Rb8 43. Rde1 Qd6 44.
Qa7+ Rb7 45. Qxa5+ Kd7 46. Qf5+ Kc7 47. Qa5+ Kd7 48. Rd1 1-0

[Event "*** Titled Tuesday Blitz"]
[Site "Chess.com"]
[Date "2018.11.06"]
[Round "3"]
[White "Orest_Vovk"]
[Black "Gareth-Bale11"]
[Result "0-1"]
[WhiteElo "2423"]
[BlackElo "2607"]
[TimeControl "180+2"]
[EndTime "13:40:00 PST"]
[Termination "Gareth-Bale11 won on time"]

1. g4 e5 2. Bg2 d6 3. h3 h5 4.
d4 hxg4 5. dxe5 gxh3 6. Bxh3 dxe5 7. Bd7+ Nxd7 8. Rxh8 Ngf6 9. Nc3 b6 10. Nf3 Bb7 11. Bg5 Qe7 12. Qd2 O-O-O 13. O-O-O Qe6 14. Kb1 a6 15. Bxf6 gxf6 16. Nd5 Kb8 17. e4 Nc5 18. Qe2 Re8 19. Nh4 Bd6 20. Rxe8+ Qxe8 21. Nf5 Qe6 22.
f3 Ka7 23. b3 a5 24. a4 Ba6 25. Qe3 Kb7 26. Nxd6+ Qxd6 27. Nc3 Qc6 28. Qd2 Ne6 29. Qd5 Nd4 30. Qxc6+ Kxc6 31. f4 Kd6 32. f5 Bb7 33. Nb5+ Kc5 34. Nxd4 exd4 35. Re1 Kd6 36. Kc1 Ke5 37.
Rh1 Bxe4 38. Rh7 Bd5 39. Rh5 c6 40. Kd2 b5 41. axb5 cxb5 42. Rh8 a4 43. Re8+ Kxf5 44.
bxa4 bxa4 45. Ra8 Bxa8 0-1

[Event "*** Titled Tuesday Blitz"]
[Site "Chess.com"]
[Date "2018.11.06"]
[Round "3"]
[White "Markov_Mikhail"]
[Black "RichardLeyvaP"]
[Result "0-1"]
[WhiteElo "2687"]
[BlackElo "2469"]
[TimeControl "180+2"]
[EndTime "13:40:03 PST"]
[Termination "RichardLeyvaP won by resignation"]

1. c4 e5 2. Nc3 Nc6 3. Nf3 Nf6 4.
a3 Be7 5. d4 exd4 6. Nxd4 O-O 7.
g3 Ne5 8. e4 d6 9. h3 Re8 10. f4 Nc6 11. Bg2 Nxd4 12. Qxd4 Nh5 13. Qd3 Nxg3 14. Rg1 Bh4 15. Kd1 f5 16. Bd2 c6 17.
Be1 Qb6 18. c5 Qxc5 19. Rf1 Nxf1 20. Qxf1 Bxe1 21. Qxe1 fxe4 22. Qg3 d5 23. Rc1 Qd4+ 24. Ke1 Bf5 25. b4 e3 26. Ne2 Qd2+ 27. Kf1 Bd3 28. Re1 Re6 29. Bf3 Rg6 30. Qh4 Rf8 31. b5 Qb2 32.
bxc6 bxc6 33. a4 Qf6 34. Qxf6 Rfxf6 35. Rd1 Bxe2+ 36. Kxe2 Rxf4 37. Rb1 Rxa4 38. Rb7 Ra2+ 39. Kd3 Ra3+ 40. Kd4 Rf6 41. Bg4 h6 42. Bd1 Rf4+ 43. Kc5 Rc4+ 44. Kd6 Rc1 45. Bg4 Rg1 46. Bf5 Rf1 47.
Bg6 Rf6+ 48. Ke7 Rxg6 49. Rb8+ Kh7 0-1

[Event "*** Titled Tuesday Blitz"]
[Site "Chess.com"]
[Date "2018.11.06"]
[Round "3"]
[White "Shivagami"]
[Black "chesstatour"]
[Result "1-0"]
[WhiteElo "2036"]
[BlackElo "2089"]
[TimeControl "180+2"]
[EndTime "13:40:04 PST"]
[Termination "Shivagami won by resignation"]

1. d4 f5 2. Nf3 g6 3. g3 Bg7 4.
Bg2 Nf6 5. O-O O-O 6. c4 d6 7. Nc3 c6 8. b3 Qe8 9. Bb2 e5 10. dxe5 dxe5 11. Qd6 e4 12. Ne5 Qe6 13. Qxe6+ Bxe6 14. Rfd1 Re8 15. Na4 Na6 16. Rd2 Red8 17. Rad1 Rxd2 18.
Rxd2 Re8 19. Rd6 Bf8 20. Rd1 e3 21. fxe3 Bh6 22. Bc1 Nb4 23. a3 Nc2 24. Rd3 Ng4 25. Nxg4 fxg4 26. Rc3 Ne1 27. Bf1 Rf8 28. Bd2 Bg7 29.
Rc1 b5 30. Nc5 Bc8 31. Bxe1 bxc4 32. bxc4 Bh6 33. Bd2 Rd8 34. Nb3 Rxd2 35. Nxd2 Bxe3+ 36. Kg2 Bxd2 37. Rd1 Ba5 38. Rd6 Kf7 39. Kg1 Be6 40.
Rxc6 Bb6+ 41. c5 Ba5 42. Bg2 Bc3 43. Rd6 Ke7 44. Rd3 Bb2 45. c6 Bxa3 46. Rxa3 1-0

[Event "*** Titled Tuesday Blitz"]
[Site "Chess.com"]
[Date "2018.11.06"]
[Round "3"]
[White "Denis_Makhnyov"]
[Black "Alopekos"]
[Result "1-0"]
[WhiteElo "2793"]
[BlackElo "2474"]
[TimeControl "180+2"]
[EndTime "13:40:05 PST"]
[Termination "Denis_Makhnyov won by resignation"]

1. d4 Nf6 2. Nf3 e6 3. c4 d5 4. g3 Be7 5. Bg2 O-O 6. O-O dxc4 7. Qc2 b5 8. a4 b4 9. Nfd2 c6 10. Nxc4 Qxd4 11. Rd1 Qc5 12. Be3 Qh5 13. Nbd2 e5 14.
Nf3 Bf5 15. Qd2 Ne4 16. Qe1 f6 17. Rac1 Be6 18. Nfd2 Nc5 19. Bxc5 Bxc5 20. Nb3 Be7 21. Nba5 Kh8 22. Nd6 Rd8 23. Nxc6 Nxc6 24. Rxc6 Rab8 25. Ra6 Bb3 26. Rd3 Rxd6 27. Rdxd6 Bxd6 28. Rxd6 Bxa4 29. Ra6 Bb5 30. Qxb4 Qxe2 31. Ra1 Rd8 32. Bf1 Qd2 33. Qxb5 Qd4 34. Ra4 Qd2 35. Rxa7 h6 36. Qb7 Qg5 37. Kg2 Rd2 38. Qa8+ Kh7 39. Qe4+ f5 40. Qxe5 Qg6 41. Ra3 Qc6+ 42. Rf3 g6 43. Qe7+ Kh8 44. Qe5+ Kh7 45. b3 Rb2 46. Qxb2 1-0

[Event "*** Titled Tuesday Blitz"]
[Site "Chess.com"]
[Date "2018.11.06"]
[Round "3"]
[White "pedromartinez91"]
[Black "JonahWillow"]
[Result "0-1"]
[WhiteElo "2493"]
[BlackElo "2696"]
[TimeControl "180+2"]
[EndTime "13:40:07 PST"]
[Termination "JonahWillow won by checkmate"]

1. e4 c5 2. Nf3 e6 3. c4 Nc6 4. Nc3 e5 5. g3 g6 6. d3 Bg7 7. h4 Nge7 8. h5 d6 9. h6 Bf8 10. Bh3 Bxh3 11. Rxh3 Qd7 12. Rh1 O-O-O 13. Bg5 Qe6 14. Nd5 Nd4 15. Nxd4 cxd4 16. Qa4 Kb8 17. O-O-O Rc8 18. Bxe7 Bxe7 19. Kb1 f5 20. f3 Rhf8 21.
Rdf1 fxe4 22. fxe4 Bg5 23. Qd1 b5 24. cxb5 Rxf1 25.
Rxf1 Rc1+ 26. Qxc1 Bxc1 27. Kxc1 g5 28. Rf6 Qh3 29. Nb4 Qxg3 30. Rf8+ Kb7 31. Rf7+ Kb6 32. Rxh7 Qe1+ 33. Kc2 Qxb4 34. Rg7 Qc5+ 35. Kd2 Qxb5 36. h7 Qxb2+ 37. Ke1 Qh2 38. Kf1 g4 39. a4 g3 40. a5+ Kxa5 41. Rxg3 Qxh7 42. Rg2 Kb4 43. Rb2+ Kc3 44. Rf2 Kxd3 45. Rf3+ Kxe4 46. Rg3 Qf5+ 47. Kg1 d3 48. Kh1 d2 49. Rg1 Qh3# 0-1

[Event "*** Titled Tuesday Blitz"]
[Site "Chess.com"]
[Date "2018.11.06"]
[Round "3"]
[White "51616516516"]
[Black "Slovak_fighter2000"]
[Result "1-0"]
[WhiteElo "2256"]
[BlackElo "2286"]
[TimeControl "180+2"]
[EndTime "13:40:08 PST"]
[Termination "51616516516 won by checkmate"]

1. d4 Nf6 2. c4 e6 3. Nc3 d5 4.
cxd5 Nxd5 5. e4 Nxc3 6. bxc3 c5 7.
Nf3 cxd4 8. cxd4 Bb4+ 9. Bd2 Bxd2+ 10. Qxd2 O-O 11. Be2 Nd7 12. O-O b6 13. a4 a5 14. e5 Bb7 15. Qe3 Nb8 16. Ng5 h6 17.
Ne4 Bxe4 18. Qxe4 Ra7 19. Bb5 Rc7 20. Rfd1 Qe7 21. d5 exd5 22. Rxd5 Nd7 23. Bxd7 Rxd7 24. Rad1 Rxd5 25. Qxd5 Re8 26. f4 Qb4 27. Qd4 Qb3 28.
Rc1 Qa3 29. Rc7 Qb3 30. h3 Qe6 31. Rb7 Rc8 32. Rxb6 Rc1+ 33. Kh2 Qf5 34. Rb8+ Kh7 35. Rb5 Rf1 36. Rxa5 Rxf4 37. Qe3 Re4 38. Qf3 Rf4 39. Qg3 g5 40. Ra7 Kg7 41. Re7 h5 42. e6 h4 43.
Qc3+ Kh6 44. Rxf7 Qg6 45. Qh8+ Qh7 46. Qxh7# 1-0

[Event "*** Titled Tuesday Blitz"]
[Site "Chess.com"]
[Date "2018.11.06"]
[Round "3"]
[White "FMJoseHerrera"]
[Black "Lovkov_Roman"]
[Result "0-1"]
[WhiteElo "2519"]
[BlackElo "2607"]
[TimeControl "180+2"]
[EndTime "13:40:08 PST"]
[Termination "Lovkov_Roman won by checkmate"]

1. Nf3 d5 2. g3 Nf6 3. Bg2 Nbd7 4. O-O e5 5. c4 e4 6. Ne1 c6 7.
cxd5 cxd5 8. Nc3 h5 9. d3 h4 10. dxe4 hxg3 11. hxg3 dxe4 12. Nxe4 Nxe4 13. Bxe4 Qf6 14.
Qa4 Bc5 15. Bg2 Qe5 16. Nf3 Qxg3 17. Qe4+ Kf8 18. Bf4 Qg6 19. Qxg6 fxg6 20. Rac1 Rh5 21. Ng5 Bb6 22. Bf3 Rh4 23. Bd6+ Kg8 24. Kg2 Nf6 25. Bg3 Rd4 26. e3 Rd2 27. Rfd1 Bxe3 28. Ne4 Rxd1 29. Rxd1 Bb6 30. Ng5 Bg4 31. Bxg4 Nxg4 32.
Rd7 Rf8 33. Rxb7 Nxf2 34. Ne6 Rf6 35. Rb8+ Kf7 36. Ng5+ Ke7 37. Rb7+ Ke8 38. Rxg7 Nd1 39. Rg8+ Kd7 40. Rg7+ Kc6 41. b3 Ne3+ 42. Kh3 Kb5 43.
Ne4 Re6 44. Nd6+ Kb4 45. Nc8 Bd4 46. Rd7 Nf5 47. Bf4 Re4 48. Bd2+ Ka3 49. Nxa7 Kxa2 50.
Nb5 Be5 51. Bc3 Re3+ 52. Kg4 Rg3# 0-1

[Event "*** Titled Tuesday Blitz"]
[Site "Chess.com"]
[Date "2018.11.06"]
[Round "3"]
[White "nitpicker"]
[Black "nochewycandy"]
[Result "1-0"]
[WhiteElo "2182"]
[BlackElo "2169"]
[TimeControl "180+2"]
[EndTime "13:40:13 PST"]
[Termination "nitpicker won by checkmate"]

1. d4 d5 2. c4 c6 3. Nf3 Nf6 4. Nc3 a6 5. c5 g6 6. Bf4 Nh5 7. e3 Bg7 8. Bd3 O-O 9. O-O Bg4 10. Be2 Nd7 11. h3 Nxf4 12. exf4 Bf5 13. g4 Be4 14.
Nh2 b6 15. f3 bxc5 16. fxe4 cxd4 17. Na4 dxe4 18. Bc4 e5 19. f5 Qh4 20. fxg6 hxg6 21. Qb3 Nf6 22. Kg2 d3 23. Qd1 Nd5 24. Bxd5 cxd5 25.
Qe1 Qe7 26. Qe3 f5 27. gxf5 gxf5 28. Kh1 f4 29. Qd2 Rab8 30. Rg1 Kh8 31. Qd1 Qh4 32. Qg4 Qxg4 33. Rxg4 e3 34. Rag1 Rf7 35. Nf3 e4 36.
Rh4+ Kg8 37. Ne5 Rf5 38. Rhg4 Rb7 39. Nc5 Re7 40. Nc6 Rc7 41. Ne6 Rff7 42. Ne5 Rfe7 43. Nxc7 Rxc7 44. Rxf4 Kh7 45. Rh4+ Bh6 46. Rg6 Rc1+ 47.
Kg2 Rc2+ 48. Kg3 Rc6 49. Rhxh6# 1-0

[Event "*** Titled Tuesday Blitz"]
[Site "Chess.com"]
[Date "2018.11.06"]
[Round "3"]
[White "BjarkeSahl"]
[Black "Keures"]
[Result "1-0"]
[WhiteElo "2161"]
[BlackElo "2200"]
[TimeControl "180+2"]
[EndTime "13:40:16 PST"]
[Termination "BjarkeSahl won by resignation"]

1. e4 e6 2. d4 d5 3. Nc3 Bb4 4. e5 b6 5. a3 Bf8 6. Nge2 Ba6 7. g3 Qd7 8. Bg2 c5 9. O-O Nc6 10. Be3 Na5 11. dxc5 Bxc5 12. Bxc5 bxc5 13. b4 Nc4 14. bxc5 Nxe5 15. Nd4 Nf6 16. Re1 Nc4 17. c6 Qd8 18. c7 Qd7 19. Nxd5 Nxd5 20. Nxe6 fxe6 21. Bxd5 Ke7 22.
Rxe6+ Qxe6 23. Bxe6 Kxe6 24. Qg4+ Kd6 25. Qg5 Nb6 26.
Qxg7 Rhe8 27. Rd1+ Kc6 28. Qc3+ Bc4 29. a4 a5 30. Rb1 Kxc7 31. Rxb6 Kxb6 32. Qxc4 Re5 33.
Qb3+ Kc7 34. Qc3+ Kd6 35. Qd4+ Rd5 36. Qb6+ Ke5 37. c4 Rd1+ 38. Kg2 Rdd8 39. c5 Kd5 40. c6 Rdb8 41. Qc7 Rc8 42. Qd7+ Kc5 43. c7 Kb6 44. Qxh7 Rxc7 45. Qb1+ Ka7 46. Qb5 Rh8 47. Qxa5+ Kb7 48. Qb4+ Kc8 49. a5 Rhh7 50. a6 Ra7 51.
Qc4+ Rac7 52. Qg8+ 1-0

[Event "*** Titled Tuesday Blitz"]
[Site "Chess.com"]
[Date "2018.11.06"]
[Round "3"]
[White "Durarbayli"]
[Black "maximlavrov"]
[Result "0-1"]
[WhiteElo "2704"]
[BlackElo "2560"]
[TimeControl "180+2"]
[EndTime "13:40:20 PST"]
[Termination "maximlavrov won by resignation"]

1. Nf3 g6 2. e4 Bg7 3. d4 d6 4. Nc3 a6 5. Be3 b5 6. Bd3 Nd7 7. a4 b4 8. Ne2 c5 9. c3 bxc3 10. bxc3 Bb7 11. O-O Ngf6 12. Ng3 O-O 13. h3 Qc7 14.
Qd2 a5 15. Rfc1 Ba6 16. Bc2 Rfb8 17. Bh6 Rb2 18. d5 Bxh6 19. Qxh6 Qd8 20. Nd2 Rab8 21. Qe3 Ne5 22. f4 Nc4 23. Nxc4 Bxc4 24. Bd1 Qc7 25. Bf3 Nd7 26. Re1 Rc2 27. e5 Nb6 28. Rad1 Nxa4 29.
Ne4 dxe5 30. d6 exd6 31. Nxd6 Nxc3 32. fxe5 Be6 33. Rc1 Rxc1 34. Rxc1 Na4 35. Qh6 c4 36. Kh1 Qc5 37. Qf4 Nb2 38. Ne4 Qf8 39. Nf6+ Kh8 40.
Qh4 h6 41. Be4 Nd3 42. Bxd3 cxd3 43. Rd1 Rd8 44. Rd2 Kg7 45. Qg3 Qb4 46. Qe3 Qd4 47. Qg3 a4 48. Kh2 a3 49. Nh5+ Kh8 50. Nf4 Kh7 51.
Rxd3 Qxd3 52. Nxd3 a2 53. Qe1 Rxd3 54. Qa1 Rb3 0-1

[Event "*** Titled Tuesday Blitz"]
[Site "Chess.com"]
[Date "2018.11.06"]
[Round "3"]
[White "PrascaR"]
[Black "Jospem"]
[Result "0-1"]
[WhiteElo "2543"]
[BlackElo "2818"]
[TimeControl "180+2"]
[EndTime "13:40:22 PST"]
[Termination "Jospem won by resignation"]

1. e4 c5 2. Nf3 d6 3. Nc3 Nf6 4.
d4 cxd4 5. Nxd4 a6 6. g3 e5 7.
Nde2 Be7 8. Bg2 b5 9. a4 b4 10. Nd5 Nxd5 11. Qxd5 Ra7 12. Be3 Be6 13. Qd2 Rb7 14.
O-O Nd7 15. f4 Nf6 16. f5 Bd7 17. a5 Bc6 18. Qd3 Bb5 19. Qd2 Bc6 20. Qd3 Bb5 21. Qd2 O-O 22. h3 Bc6 23. Qd3 Qa8 24. Kh2 Rd7 25. c3 b3 26. Bg5 Bxe4 27. Bxe4 Qxe4 28. Qxe4 Nxe4 29. Bxe7 Rxe7 30. Ra3 Rb7 31. Rd1 g6 32. g4 Rd8 33. Ra4 Nc5 34. Rb4 Kg7 35. fxg6 hxg6 36. Ng3 Rxb4 37. cxb4 Na4 38. g5 Nxb2 39. Rb1 Nc4 40. Rxb3 d5 41. b5 Nxa5 42.
Ra3 Nc4 43. Rxa6 Rb8 44. Ra7 Rxb5 45. h4 Nd2 46. Kh3 Rb3 47. Kg4 Rb4+ 48. Kh3 Nf3 49. Rd7 Rxh4+ 50. Kg2 Ne1+ 51. Kf2 Nd3+ 52. Kg2 e4 53. Ne2 Nf4+ 54. Nxf4 Rxf4 55. Rxd5 Rf5 56.
Rd4 Rxg5+ 57. Kh3 Re5 0-1

[Event "*** Titled Tuesday Blitz"]
[Site "Chess.com"]
[Date "2018.11.06"]
[Round "3"]
[White "wonderfultime"]
[Black "1random"]
[Result "0-1"]
[WhiteElo "2810"]
[BlackElo "2482"]
[TimeControl "180+2"]
[EndTime "13:40:25 PST"]
[Termination "1random won by resignation"]

1. d4 Nf6 2. Nf3 d5 3. Bf4 e6 4. e3 c5 5. c3 Bd6 6. Bg3 O-O 7. Nbd2 Qc7 8. Bd3 Nbd7 9. Bh4 Be7 10. O-O e5 11.
dxe5 Nxe5 12. Nxe5 Qxe5 13. Re1 Ne4 14. Bxe7 Qxe7 15.
Qc2 Nxd2 16. Qxd2 Be6 17. e4 dxe4 18. Bxe4 Rad8 19. Qc2 g6 20. Re2 Qc7 21. Rae1 Bd5 22. h3 Qc6 23. Qb3 Bxb3 24. Bxc6 Bc4 25. Bxb7 Bxe2 26. Rxe2 Rd1+ 27. Kh2 Rfd8 28. Re7 R1d7 29.
Rxd7 Rxd7 30. Bc6 Rd2 31. b4 cxb4 32. cxb4 Rxa2 33. Kg3 Rb2 34. b5 Kg7 35. h4 Kf6 36.
Kf3 Ke5 37. g3 Rc2 38. Be8 Kf6 39. Ke3 Ke7 40. Bc6 Kd6 41. Be4 Rb2 42. Bc6 Kc5 43.
Be8 Rxb5 44. Bxf7 Rb7 45. Bg8 a5 46. Kf4 a4 47. Kg5 a3 48. f4 Kd4 49. g4 Kc3 50. h5 gxh5 51. Kxh5 Rb3 52. Bxb3 Kxb3 0-1

[Event "*** Titled Tuesday Blitz"]
[Site "Chess.com"]
[Date "2018.11.06"]
[Round "3"]
[White "Alexander_Donchenko"]
[Black "eljanov"]
[Result "0-1"]
[WhiteElo "2739"]
[BlackElo "2819"]
[TimeControl "180+2"]
[EndTime "13:40:27 PST"]
[Termination "eljanov won by resignation"]

1. c4 Nf6 2. Nc3 e5 3. Nf3 Nc6 4. g3 Bb4 5. Bg2 O-O 6. O-O d6 7. d3 Re8 8. Bg5 Bxc3 9. bxc3 h6 10. Be3 Ng4 11. Bd2 f5 12. Rb1 Rb8 13. e4 fxe4 14. Nh4 Nf6 15. Qe1 g5 16. Bxe4 gxh4 17. Bxc6 Bh3 18.
Bg2 Bxg2 19. Kxg2 Qd7 20. Bxh6 e4 21. Qe3 Re5 22. Bf4 Ree8 23. Bg5 h3+ 24. Kh1 Ng4 25. Qd4 exd3 26. Qxd3 Ne5 27. Qd5+ Qf7 28. Be3 b6 29. Bd4 Nf3 30. Be3 Re5 31. Qxf7+ Kxf7 32. Rfd1 Re4 33. Rb5 Ne5 34. Bd4 c5 35. Bxe5 dxe5 36. a4 Ke6 37. a5 Rxc4 38. axb6 axb6 39. Rb2 Rxc3 40. Rbd2 Kf5 41. Rd7 b5 42. Rh7 b4 43.
Rh5+ Ke6 44. Rh6+ Kf5 45. Rh5+ Ke4 46. Re1+ Kd3 47. Rhxe5 c4 48. Rd5+ Kc2 49. Re2+ Kb3 50. Rd1 Rc2 51. Rb1+ Ka2 52. Re3 Kxb1 0-1

[Event "*** Titled Tuesday Blitz"]
[Site "Chess.com"]
[Date "2018.11.06"]
[Round "3"]
[White "TheRigos"]
[Black "Alliswell998"]
[Result "1-0"]
[WhiteElo "2418"]
[BlackElo "2546"]
[TimeControl "180+2"]
[EndTime "13:40:29 PST"]
[Termination "TheRigos won by checkmate"]

1. e4 c5 2. Nf3 d6 3. Nc3 a6 4. a4 Nf6 5. Be2 e5 6. d3 Be7 7. O-O O-O 8. Nd2 Nc6 9. Nc4 b6 10. f4 Be6 11. Ne3 exf4 12. Ned5 Bxd5 13. exd5 Nd4 14.
Bxf4 Re8 15. Bf3 b5 16. a5 Qd7 17. Bg5 h6 18. Bh4 Nf5 19. Bf2 Bd8 20. Qd2 Nh7 21.
Ne4 Ng5 22. Bg4 Re5 23. Rae1 g6 24. Bg3 Kg7 25. Bxe5+ dxe5 26. Nxc5 Qxd5 27. Ne4 Nd4 28. Bd1 f5 29. Nc3 Qc5 30. Kh1 Bxa5 31. h4 Nge6 32. Qe3 Nf4 33. Qxe5+ Qxe5 34. Rxe5 Ra7 35. Rxf4 Nc6 36.
Re6 Nd8 37. Re2 Nf7 38. Rf3 Bb6 39. Nd5 Bd4 40. c3 Bc5 41. d4 Bd6 42. Rfe3 g5 43.
Re6 gxh4 44. Rf2 Bg3 45. Rxf5 a5 46. Bh5 Nd6 47. Rf1 a4 48. Nf4 a3 49. bxa3 Nc4 50. Rg6+ Kf7 51. Ne2+ Ke7 52. Rg7+ Kd6 53. Rxa7 h3 54.
Nxg3 b4 55. Rf6+ Kd5 56. Bf3# 1-0

[Event "*** Titled Tuesday Blitz"]
[Site "Chess.com"]
[Date "2018.11.06"]
[Round "3"]
[White "danyuffa"]
[Black "Andreikka"]
[Result "1-0"]
[WhiteElo "2631"]
[BlackElo "2870"]
[TimeControl "180+2"]
[EndTime "13:40:30 PST"]
[Termination "danyuffa won by resignation"]

1. d4 Nf6 2. c4 e6 3. g3 d5 4. Bg2 Bb4+ 5. Bd2 Be7 6. Nf3 O-O 7.
O-O Nbd7 8. Nc3 dxc4 9. e4 c6 10. Bf4 Nh5 11. Be3 Nhf6 12. a4 b6 13. Nd2 Ba6 14. Qe2 Bb4 15. Rfd1 Qe7 16. Nxc4 e5 17. Rac1 Rac8 18. b3 Rfe8 19. f3 exd4 20. Bxd4 Bc5 21. Qf2 Bxc4 22. bxc4 Bxd4 23. Qxd4 Nc5 24. Qd6 Qxd6 25.
Rxd6 Red8 26. Rxd8+ Rxd8 27. e5 Ne8 28. f4 Rc8 29. Rd1 Kf8 30. Kf2 Ke7 31. Ke3 g6 32. a5 Ng7 33. g4 h5 34. h3 hxg4 35. hxg4 Ne8 36. axb6 axb6 37. Ra1 Rc7 38. Ra8 Ng7 39.
Rb8 Nd7 40. Rg8 Ne8 41. Ne2 b5 42. Nd4 Nb8 43. f5 gxf5 44. gxf5 f6 45. Ne6 Ra7 46.
exf6+ Kxf6 47. Rxe8 Nd7 48. Bxc6 bxc4 49. Bxd7 Rxd7 50.
Kf4 Rd1 51. Rf8+ Ke7 52. Rc8 Kf6 53. Ng5 Rf1+ 54. Nf3 Rc1 55. Rc6+ Ke7 56. f6+ 1-0

[Event "*** Titled Tuesday Blitz"]
[Site "Chess.com"]
[Date "2018.11.06"]
[Round "3"]
[White "woodhy"]
[Black "gmjlh"]
[Result "1/2-1/2"]
[WhiteElo "2438"]
[BlackElo "2619"]
[TimeControl "180+2"]
[EndTime "13:40:30 PST"]
[Termination "Game drawn by repetition"]

1. e4 c6 2. d4 d5 3. Nc3 dxe4 4. Nxe4 Nf6 5. Ng3 Bg4 6. Be2 Bxe2 7. N1xe2 e6 8. c3 Bd6 9. Bf4 O-O 10. O-O Bxf4 11. Nxf4 Nbd7 12. Qb3 Qc7 13. Ngh5 Nxh5 14. Nxh5 c5 15.
d5 c4 16. Qd1 exd5 17. Qxd5 Rad8 18. Qg5 g6 19. Rad1 Qe5 20. Qxe5 Nxe5 21. Nf4 Kg7 22. h4 Rfe8 23. Rxd8 Rxd8 24. Re1 Kf6 25. f3 Rd2 26. Re2 Rxe2 27. Nxe2 Nd3 28. b3 cxb3 29. axb3 Ke5 30.
Kf1 a5 31. Nd4 Kd5 32. g3 Kc5 33. Ke2 Ne5 34. Kd2 b5 35. Kc2 Nc6 36. Ne2 a4 37. bxa4 bxa4 38. Nc1 Na5 39. Nd3+ Kd6 40. Kb2 Nc4+ 41. Ka2 Nd2 42. Ka3 Nb1+ 43. Kb2 Nd2 44. Ka3 Nxf3 45. Kxa4 Nd2 46. Kb5 Ne4 47. c4 Nxg3 48. c5+ Kc7 49. Ne5 f5 50. Nc4 Ne4 51.
Ne3 Nf6 52. Ng2 Nd5 53. Ne1 h6 54. Nf3 Nc3+ 55. Kc4 Ne4 56. Kd5 g5 57. hxg5 hxg5 58. Ke5 g4 59. Nh4 g3 60. Kxf5 Nxc5 61. Kg4 Ne4 62. Kf3 Nf6 63. Kxg3 Kd6 64. Kf4 Ke6 65.
Nf3 Nd5+ 66. Ke4 Nf6+ 67. Kf4 Nd5+ 68. Ke4 Nf6+ 69. Kf4 Nd5+ 70. Ke4 Nf6+ 71. Kf4 Nd5+ 72. Ke4 Nf6+ 73. Kf4 1/2-1/2

[Event "*** Titled Tuesday Blitz"]
[Site "Chess.com"]
[Date "2018.11.06"]
[Round "3"]
[White "AlexTriapishko"]
[Black "pulvettd"]
[Result "1-0"]
[WhiteElo "2767"]
[BlackElo "2518"]
[TimeControl "180+2"]
[EndTime "13:40:37 PST"]
[Termination "AlexTriapishko won by checkmate"]

1. e4 c5 2. Nf3 d6 3. d4 cxd4 4.
Nxd4 Nf6 5. Nc3 a6 6. g3 e5 7. Nf3 h6 8. Nh4 Be6 9. Bg2 Nbd7 10.
O-O Rc8 11. a4 Nb6 12. Re1 Be7 13. Nf5 Bxf5 14. exf5 Qd7 15. a5 Nc4 16. Nd5 Nxd5 17. Bxd5 Qb5 18. b3 Nxa5 19. c4 Qb6 20. Be3 Qc7 21. Qh5 Rf8 22. Qg4 Bf6 23. c5 Nc6 24.
Rad1 Rd8 25. cxd6 Rxd6 26. Bc5 Rd7 27. Bxf8 Kxf8 28. Bxc6 Qxc6 29. Rxd7 Qxd7 30. Rd1 Qc6 31. Qc4 Qe8 32. Qc7 Kg8 33. Qxb7 e4 34. Re1 Qe5 35.
Qxe4 Qc7 36. Qa8+ Kh7 37. Re8 g6 38. fxg6+ fxg6 39. Qxa6 Bg7 40. Qe6 Qc1+ 41. Kg2 h5 42. Re7 Kh6 43. Qd7 Qc3 44. Rxg7 Qxg7 45. Qxg7+ Kxg7 46. b4 Kf6 47. Kf3 Ke6 48. h4 Kd6 49. Kf4 Kc6 50. Kg5 Kb5 51. Kxg6 Kxb4 52. Kxh5 Kc5 53. f4 Kd5 54. f5 Kd4 55. f6 Kd3 56.
f7 Kd2 57. f8=Q Ke2 58. g4 Ke3 59. g5 Ke4 60. g6 Ke3 61. g7 Ke4 62. g8=Q Ke5 63.
Qg5+ Ke6 64. Qff6+ Kd7 65. Qgg7+ Kc8 66. Qff8# 1-0

[Event "*** Titled Tuesday Blitz"]
[Site "Chess.com"]
[Date "2018.11.06"]
[Round "3"]
[White "GMHess"]
[Black "OK97"]
[Result "0-1"]
[WhiteElo "2667"]
[BlackElo "2743"]
[TimeControl "180+2"]
[EndTime "13:40:39 PST"]
[Termination "OK97 won by checkmate"]

1. d4 Nf6 2. c4 e6 3. Nc3 Bb4 4. g3 O-O 5. Bg2 d5 6. Nf3 dxc4 7. O-O Nc6 8. Qa4 Nd5 9. Qc2 Be7 10. a3 Na5 11. e4 Nxc3 12. Qxc3 c5 13. Be3 cxd4 14.
Bxd4 f6 15. e5 f5 16. Be3 b6 17. Rad1 Qe8 18. Bg5 Bb7 19. Bxe7 Qxe7 20. Rd6 Bd5 21.
Nd4 Rad8 22. Bxd5 exd5 23. Rxd8 Rxd8 24. Nxf5 Qe6 25. Nd6 Nc6 26. f4 d4 27. Qf3 Rxd6 28.
exd6 Qxd6 29. Qe4 h6 30. f5 Ne5 31. f6 gxf6 32. Qf4 Kg7 33. Qe4 d3 34. Kg2 b5 35.
h4 b4 36. Qb7+ Kg6 37. Qxb4 Qd5+ 38. Kh3 Qe6+ 39. Kg2 Qd5+ 40. Kh3 Qe6+ 41. Kg2 Ng4 42. Re1 Qd5+ 43. Kh3 Nf2+ 44. Kh2 Ng4+ 45. Kh3 Nf2+ 46.
Kh2 d2 47. Rf1 d1=Q 48. Rxd1 Nxd1 49. Qf8 Qd2+ 50. Kh3 Nf2+ 51. Kg2 Ng4+ 52. Kf3 Ne5+ 53. Ke4 Qd3+ 54. Kf4 Qf3# 0-1

[Event "*** Titled Tuesday Blitz"]
[Site "Chess.com"]
[Date "2018.11.06"]
[Round "3"]
[White "GadimbayliA"]
[Black "DanielNaroditsky"]
[Result "0-1"]
[WhiteElo "2639"]
[BlackElo "2979"]
[TimeControl "180+2"]
[EndTime "13:40:41 PST"]
[Termination "DanielNaroditsky won by resignation"]

1. e4 e5 2. Nf3 Nc6 3. Bb5 a6 4. Ba4 Nf6 5. O-O Be7 6. Re1 b5 7. Bb3 d6 8. c3 O-O 9. h3 Na5 10. Bc2 c5 11. d4 Nd7 12. b3 exd4 13. cxd4 Nc6 14. Bb2 Bf6 15. e5 dxe5 16. dxe5 Be7 17. Nc3 Nb6 18. Be4 Bb7 19. Qc2 h6 20. Rad1 Qc7 21.
e6 fxe6 22. Bh7+ Kh8 23. Rxe6 Nb4 24. Qg6 Rf6 25. Nxb5 axb5 26. Bxf6 Bxf6 27. Rde1 Bc6 28. Ne5 Bxe5 29. R1xe5 N6d5 30. Qb1 c4 31. Be4 Nc3 32. Bxc6 Nxb1 33. Bxa8 Kg8 34. Be4 Nd3 35. Re8+ Kf7 36. R5e6 Nf4 37. R6e7+ Qxe7 38. Rxe7+ Kxe7 39. Bxb1 Ne2+ 40. Kf1 Nc3 41. Bc2 Nxa2 42. bxc4 bxc4 43. Ke2 Kd6 44. Kd2 Kc5 45. Bg6 Kd4 46. f4 Nb4 47. g4 c3+ 48. Kc1 Nd5 49. f5 Nf4 50. Bf7 Nxh3 51. Kc2 Nf2 52.
Bh5 Nd3 53. Bg6 Ne5 54. Bh5 Nc4 55. Kc1 Ne3 56. Kb1 Ke4 57. Kc1 Kf4 58. f6 gxf6 0-1